TOP OF THE 1ST |
Intercourse Amish batting - Pitching for Wilmington Rebels : RHP Fernando Fuentes
|
Pitching: RHP Fernando Fuentes
|
|
Batting: LHB Dave Reynolds
|
0-0: Foul Ball, location: 2F 0-1: Ball 1-1: Ball 2-1: Ball 3-1: Foul Ball, location: 2F 3-2: Strikes out swinging
|
Batting: RHB Frank Maxwell
|
0-0: Ball 1-0: Called Strike 1-1: Called Strike 1-2: Foul Ball, location: 2F 1-2: Ball 2-2: Ball 3-2: Foul Ball, location: 2F 3-2: Base on Balls
|
Batting: RHB Juan Estrada
|
0-0: Grounds into double play, 6-4-3 (Groundball, 6)
|
Top of the 1st over - 0 run(s), 0 hit(s), 0 error(s), 0 left on base; Intercourse 0 - Wilmington 0 |
BOTTOM OF THE 1ST |
Wilmington Rebels batting - Pitching for Intercourse Amish : RHP Errol Murphy
|
Pitching: RHP Errol Murphy
|
|
Batting: RHB Marlon Hernández
|
0-0: TRIPLE (Flyball, 9LD)
|
Batting: LHB Mario Álvarez
|
0-0: Ball 1-0: Ball 2-0: SINGLE (Flyball, 9LM) Marlon Hernández scores
|
Batting: RHB Remi Eruzione
|
0-0: Ball 1-0: Called Strike 1-1: Ball 2-1: SINGLE (Line Drive, 8RS) Mario Álvarez to second
|
Batting: RHB Eugene Allen
|
0-0: Swinging Strike 0-1: SINGLE (Line Drive, 7LS) Mario Álvarez to third Remi Eruzione to second
|
Batting: RHB Henry Dawson
|
0-0: Ball 1-0: Foul Ball, location: 2F 1-1: SINGLE (Groundball, 6MD) Mario Álvarez scores Remi Eruzione to third Eugene Allen to second Runner from 3rd tries for Home, SAFE, no throw
|
Batting: RHB Juan Jose Mendoza
|
0-0: Called Strike 0-1: Called Strike 0-2: Ball 1-2: Ball 2-2: SINGLE (Line Drive, 8LS) Eugene Allen to third Henry Dawson to second
|
Batting: RHB Sergio Moreno
|
0-0: Ball 1-0: Foul Ball, location: 2F 1-1: Ball 2-1: Called Strike 2-2: Strikes out swinging
|
Batting: RHB Anastasio Movonda
|
0-0: Reached on error, E5 (Groundball, 56) Eugene Allen scores Henry Dawson to third Juan Jose Mendoza to second
|
Batting: LHB Juan Delgado
|
0-0: Called Strike 0-1: Called Strike 0-2: Ball 1-2: Ball 2-2: SINGLE (Groundball, 4D) Henry Dawson scores Juan Jose Mendoza to third Anastasio Movonda to second
|
Batting: RHB Marlon Hernández
|
0-0: Fly out, F7 (Flyball, 7) Runner from 3rd tags up, SCORES, throw made
|
Batting: LHB Mario Álvarez
|
0-0: Called Strike 0-1: Foul Ball, location: 2F 0-2: Strikes out swinging
|
Bottom of the 1st over - 6 run(s), 7 hit(s), 1 error(s), 2 left on base; Intercourse 0 - Wilmington 6 |
TOP OF THE 2ND |
Intercourse Amish batting - Pitching for Wilmington Rebels : RHP Fernando Fuentes
|
Batting: RHB Juan Caceres
|
0-0: Ball 1-0: Ball 2-0: Called Strike 2-1: Fly out, F9 (Flyball, 89M)
|
Batting: SHB Conan Hanson
|
0-0: Fly out, F7 (Flyball, 7)
|
Batting: SHB Ralph Robison
|
0-0: SINGLE (Groundball, 4MD)
|
Batting: RHB Leon Heath
|
0-0: Foul Ball, location: 2F 0-1: Ball 1-1: Swinging Strike 1-2: Ball 2-2: Ball 3-2: Base on Balls Ralph Robison to second
|
Batting: LHB Caleb Hall
|
0-0: Ball 1-0: Ball 2-0: Called Strike 2-1: Ball 3-1: Called Strike 3-2: Base on Balls Ralph Robison to third Leon Heath to second
|
Batting: LHB Bruce Foster
|
0-0: Ball 1-0: Foul Ball, location: 2F 1-1: Called Strike 1-2: Ball 2-2: Ball 3-2: Base on Balls Ralph Robison scores Leon Heath to third Caleb Hall to second
|
Batting: LHB Dave Reynolds
|
0-0: Called Strike 0-1: Swinging Strike 0-2: Strikes out swinging
|
Top of the 2nd over - 1 run(s), 1 hit(s), 0 error(s), 3 left on base; Intercourse 1 - Wilmington 6 |
BOTTOM OF THE 2ND |
Wilmington Rebels batting - Pitching for Intercourse Amish : RHP Errol Murphy
|
Batting: RHB Remi Eruzione
|
0-0: Fly out, F8 (Line Drive, 8RM)
|
Batting: RHB Eugene Allen
|
0-0: Ball 1-0: DOUBLE (Flyball, 78D)
|
Batting: RHB Henry Dawson
|
0-0: SINGLE (Groundball, 6MD) Eugene Allen to third Runner from 3rd tries for Home, SAFE, no throw
|
Pitching: RHP Rafael Sánchez
|
|
Batting: RHB Juan Jose Mendoza
|
0-0: Called Strike 0-1: Ball 1-1: Fly out, F4 (Popup, 3D)
|
Batting: RHB Sergio Moreno
|
0-0: Called Strike Henry Dawson is caught stealing 2nd base
|
Bottom of the 2nd over - 1 run(s), 2 hit(s), 0 error(s), 0 left on base; Intercourse 1 - Wilmington 7 |
TOP OF THE 3RD |
Intercourse Amish batting - Pitching for Wilmington Rebels : RHP Fernando Fuentes
|
Batting: RHB Frank Maxwell
|
0-0: Ball 1-0: Ball 2-0: Called Strike 2-1: Ball 3-1: Foul Ball, location: 2F 3-2: SINGLE (Groundball, 3D)
|
Batting: RHB Juan Estrada
|
0-0: Fly out, F6 (Line Drive, 6D)
|
Batting: RHB Juan Caceres
|
0-0: Swinging Strike 0-1: Fly out, F9 (Flyball, 9LS)
|
Batting: SHB Conan Hanson
|
0-0: Ball 1-0: Ball 2-0: Ball 3-0: Base on Balls Frank Maxwell to second
|
Batting: SHB Ralph Robison
|
0-0: Called Strike 0-1: Ball 1-1: Foul Ball, location: 2F 1-2: Ball 2-2: Fly out, F2 (Popup, 23)
|
Top of the 3rd over - 0 run(s), 1 hit(s), 0 error(s), 2 left on base; Intercourse 1 - Wilmington 7 |
BOTTOM OF THE 3RD |
Wilmington Rebels batting - Pitching for Intercourse Amish : RHP Rafael Sánchez
|
Batting: RHB Sergio Moreno
|
0-0: Called Strike 0-1: Called Strike 0-2: Ball 1-2: Fly out, F8 (Flyball, 89M)
|
Batting: RHB Anastasio Movonda
|
0-0: Ball 1-0: Called Strike 1-1: Swinging Strike 1-2: Ball 2-2: Ball 3-2: Fly out, F4 (Line Drive, 4M)
|
Batting: LHB Juan Delgado
|
0-0: Ground out 4-3 (Groundball, 4)
|
Bottom of the 3rd over - 0 run(s), 0 hit(s), 0 error(s), 0 left on base; Intercourse 1 - Wilmington 7 |
TOP OF THE 4TH |
Intercourse Amish batting - Pitching for Wilmington Rebels : RHP Fernando Fuentes
|
Batting: RHB Leon Heath
|
0-0: Called Strike 0-1: Swinging Strike Error on foul ball, E3 0-2: Strikes out looking
|
Batting: LHB Caleb Hall
|
0-0: Ball 1-0: Called Strike 1-1: Ball 2-1: Ball 3-1: Swinging Strike 3-2: Ground out 4-3 (Groundball, 4)
|
Batting: LHB Bruce Foster
|
0-0: Called Strike 0-1: SINGLE (Flyball, 8RS)
|
Batting: LHB Dave Reynolds
|
0-0: Ball 1-0: Ball 2-0: Ball 3-0: Called Strike 3-1: Base on Balls Bruce Foster to second
|
Batting: RHB Frank Maxwell
|
0-0: Called Strike 0-1: Ball 1-1: Foul Ball, location: 2F 1-2: Ball 2-2: Ball 3-2: Fly out, F6 (Popup, 6MD)
|
Top of the 4th over - 0 run(s), 1 hit(s), 1 error(s), 2 left on base; Intercourse 1 - Wilmington 7 |
BOTTOM OF THE 4TH |
Wilmington Rebels batting - Pitching for Intercourse Amish : RHP Rafael Sánchez
|
Batting: RHB Marlon Hernández
|
0-0: Swinging Strike 0-1: Swinging Strike 0-2: Ball 1-2: Foul Ball, location: 2F 1-2: Ball 2-2: Strikes out swinging
|
Batting: LHB Mario Álvarez
|
0-0: Ball 1-0: Foul Ball, location: 2F 1-1: Foul Ball, location: 2F 1-2: Ball 2-2: Ball 3-2: Strikes out swinging
|
Batting: RHB Remi Eruzione
|
0-0: Ball 1-0: Called Strike 1-1: Ground out 6-3 (Groundball, 6M)
|
Bottom of the 4th over - 0 run(s), 0 hit(s), 0 error(s), 0 left on base; Intercourse 1 - Wilmington 7 |
TOP OF THE 5TH |
Intercourse Amish batting - Pitching for Wilmington Rebels : RHP Fernando Fuentes
|
Batting: RHB Juan Estrada
|
0-0: Ball 1-0: Ground out 6-3 (Groundball, 6)
|
Batting: RHB Juan Caceres
|
0-0: Ball 1-0: SINGLE (Groundball, 56) (infield hit)
|
Batting: SHB Conan Hanson
|
0-0: Called Strike 0-1: Called Strike 0-2: Ball 1-2: Grounds into double play, 6-4-3 (Groundball, 56)
|
Top of the 5th over - 0 run(s), 1 hit(s), 0 error(s), 0 left on base; Intercourse 1 - Wilmington 7 |
BOTTOM OF THE 5TH |
Wilmington Rebels batting - Pitching for Intercourse Amish : RHP Rafael Sánchez
|
Batting: RHB Eugene Allen
|
0-0: Ground out 5-3 (Groundball, 56)
|
Batting: RHB Henry Dawson
|
0-0: Ball 1-0: Called Strike 1-1: Ball 2-1: Called Strike 2-2: SINGLE (Line Drive, 89S)
|
Batting: RHB Juan Jose Mendoza
|
0-0: Foul Ball, location: 2F 0-1: Foul Ball, location: 2F 0-2: Ground out 5-3 (Groundball, 56S) Henry Dawson to second
|
Batting: RHB Sergio Moreno
|
0-0: Ball 1-0: Foul Ball, location: 2F 1-1: Called Strike 1-2: Ball 2-2: Ball 3-2: Ground out 4-3 (Groundball, 4)
|
Bottom of the 5th over - 0 run(s), 1 hit(s), 0 error(s), 1 left on base; Intercourse 1 - Wilmington 7 |
TOP OF THE 6TH |
Intercourse Amish batting - Pitching for Wilmington Rebels : RHP Fernando Fuentes
|
Pitching: RHP Ramón Alaniz
|
|
Batting: SHB Ralph Robison
|
0-0: Called Strike 0-1: Reached via error on a dropped throw, E3
|
Batting: RHB Leon Heath
|
0-0: Foul Ball, location: 2F 0-1: SINGLE (Groundball, 6MD) Ralph Robison to second
|
Batting: LHB Caleb Hall
|
0-0: Swinging Strike 0-1: Called Strike 0-2: Ball 1-2: Strikes out swinging
|
Batting: LHB Bruce Foster
|
0-0: Called Strike 0-1: Ball 1-1: Ball 2-1: Called Strike 2-2: Ball 3-2: Fly out, F6 (Popup, 56D)
|
Batting: LHB Dave Reynolds
|
0-0: Ball 1-0: Called Strike 1-1: Ball 2-1: Called Strike 2-2: Ball 3-2: SINGLE (Groundball, 4D) Ralph Robison to third Leon Heath to second Ralph Robison scores Leon Heath to third
|
Batting: RHB Frank Maxwell
|
0-0: Ball 1-0: Ball 2-0: Ball 3-0: Base on Balls Dave Reynolds to second
|
Batting: RHB Juan Estrada
|
0-0: Called Strike 0-1: Swinging Strike 0-2: Ground out 6-3 (Groundball, 6D)
|
Top of the 6th over - 1 run(s), 2 hit(s), 1 error(s), 3 left on base; Intercourse 2 - Wilmington 7 |
BOTTOM OF THE 6TH |
Wilmington Rebels batting - Pitching for Intercourse Amish : RHP Rafael Sánchez
|
Pitching: RHP Cristián Torres
|
|
Batting: RHB Anastasio Movonda
|
0-0: Ball 1-0: Fly out, F8 (Line Drive, 78M)
|
Batting: LHB Juan Delgado
|
0-0: Ball 1-0: Ball 2-0: Ball 3-0: Base on Balls
|
Batting: RHB Marlon Hernández
|
0-0: Ball 1-0: Ball 2-0: Foul Ball, location: 2F 2-1: Ball 3-1: Foul Ball, location: 2F 3-2: Base on Balls Juan Delgado to second
|
Batting: LHB Mario Álvarez
|
0-0: Ball 1-0: Swinging Strike 1-1: Swinging Strike 1-2: Ball 2-2: Fielders Choice at 2nd, 4-6 (Groundball, 4) Juan Delgado to third
|
Batting: RHB Remi Eruzione
|
0-0: Called Strike 0-1: Swinging Strike 0-2: Ball 1-2: Foul Ball, location: 2F 1-2: Foul Ball, location: 2F 1-2: Ball 2-2: Ground out 5-3 (Groundball, 56S)
|
Bottom of the 6th over - 0 run(s), 0 hit(s), 0 error(s), 2 left on base; Intercourse 2 - Wilmington 7 |
TOP OF THE 7TH |
Intercourse Amish batting - Pitching for Wilmington Rebels : RHP Ramón Alaniz
|
Batting: RHB Juan Caceres
|
0-0: Called Strike 0-1: Ball 1-1: Ball 2-1: Ball 3-1: SINGLE (Line Drive, 7LS)
|
Batting: SHB Conan Hanson
|
0-0: Called Strike 0-1: Foul Ball, location: 2F 0-2: Ball 1-2: Strikes out swinging
|
Batting: SHB Ralph Robison
|
0-0: Ball 1-0: Foul Ball, location: 2F 1-1: Ball 2-1: Foul Ball, location: 2F 2-2: SINGLE (Line Drive, 8LS) Juan Caceres to second
|
Batting: RHB Leon Heath
|
0-0: 3-RUN HOME RUN (Flyball, 7D), Distance : 384 ft
|
Pitching: LHP Héctor López
|
|
Batting: LHB Caleb Hall
|
0-0: Ball 1-0: Ball 2-0: Called Strike 2-1: Foul Ball, location: 2F 2-2: Ball 3-2: Strikes out looking
|
Batting: LHB Bruce Foster
|
0-0: Foul Ball, location: 2F 0-1: Ball 1-1: Called Strike 1-2: Foul Ball, location: 2F 1-2: Foul Ball, location: 2F 1-2: Strikes out swinging
|
Top of the 7th over - 3 run(s), 3 hit(s), 0 error(s), 0 left on base; Intercourse 5 - Wilmington 7 |
BOTTOM OF THE 7TH |
Wilmington Rebels batting - Pitching for Intercourse Amish : RHP Cristián Torres
|
Batting: RHB Eugene Allen
|
0-0: Called Strike 0-1: Ground out 1-3 (Groundball, 15)
|
Batting: RHB Henry Dawson
|
0-0: Swinging Strike 0-1: SINGLE (Groundball, 5S) (infield hit)
|
Batting: RHB Juan Jose Mendoza
|
0-0: Called Strike 0-1: SINGLE (Groundball, 4S) (infield hit) Henry Dawson to second
|
Batting: RHB Sergio Moreno
|
0-0: Grounds into double play, 6-4-3 (Groundball, 6)
|
Bottom of the 7th over - 0 run(s), 2 hit(s), 0 error(s), 1 left on base; Intercourse 5 - Wilmington 7 |
TOP OF THE 8TH |
Intercourse Amish batting - Pitching for Wilmington Rebels : LHP Héctor López
|
Batting: LHB Dave Reynolds
|
0-0: Ball 1-0: Foul Ball, location: 2F 1-1: Ball 2-1: Foul Ball, location: 2F 2-2: Strikes out looking
|
Batting: RHB Frank Maxwell
|
0-0: Ball 1-0: Swinging Strike 1-1: Ball 2-1: Ball 3-1: Swinging Strike 3-2: Strikes out swinging
|
Batting: RHB Juan Estrada
|
0-0: Ball 1-0: Ball 2-0: Ball 3-0: Base on Balls
|
Pitching: RHP Edgar Martínez
|
|
Batting: RHB Juan Caceres
|
0-0: Ball 1-0: Foul Ball, location: 2F 1-1: Foul Ball, location: 2F 1-2: Ball 2-2: Strikes out looking
|
Top of the 8th over - 0 run(s), 0 hit(s), 0 error(s), 1 left on base; Intercourse 5 - Wilmington 7 |
BOTTOM OF THE 8TH |
Wilmington Rebels batting - Pitching for Intercourse Amish : RHP Cristián Torres
|
Batting: RHB Anastasio Movonda
|
0-0: Fly out, F4 (Line Drive, 34)
|
Batting: LHB Juan Delgado
|
0-0: Ball 1-0: Ball 2-0: Ball 3-0: Called Strike 3-1: SINGLE (Flyball, 5D)
|
Pitching: LHP Justin Short
|
|
Batting: RHB Marlon Hernández
|
0-0: Called Strike 0-1: Ball 1-1: Ball 2-1: Called Strike 2-2: Foul Ball, location: 2F 2-2: Ball 3-2: Fly out, F9 (Flyball, 89M)
|
Batting: LHB Mario Álvarez
|
0-0: Called Strike 0-1: Ball 1-1: Fielders Choice at 2nd, 4-6 (Groundball, 4)
|
Bottom of the 8th over - 0 run(s), 1 hit(s), 0 error(s), 0 left on base; Intercourse 5 - Wilmington 7 |
TOP OF THE 9TH |
Intercourse Amish batting - Pitching for Wilmington Rebels : RHP Edgar Martínez
|
Pitching: RHP Jim Wilson
|
|
Batting: SHB Conan Hanson
|
0-0: Ball 1-0: Foul Ball, location: 2F 1-1: Foul Ball, location: 2F 1-2: Ground out 4-3 (Groundball, 4)
|
Batting: SHB Ralph Robison
|
0-0: Ball 1-0: Ball 2-0: Ball 3-0: Called Strike 3-1: SINGLE (Line Drive, 89S)
|
Pinch Hitting: LHB Tony O'Bryan
|
0-0: Ball 1-0: Foul Ball, location: 2F 1-1: Ball 2-1: Foul Ball, location: 2F 2-2: Foul Ball, location: 2F 2-2: Ball 3-2: Base on Balls Ralph Robison to second
|
Batting: LHB Caleb Hall
|
0-0: Foul Ball, location: 2F 0-1: Ball 1-1: DOUBLE (Line Drive, 9LM) Ralph Robison scores Tony O'Bryan to third
|
Batting: LHB Bruce Foster
|
0-0: Called Strike 0-1: Fly out, F7 (Flyball, 7LS)
|
Batting: LHB Dave Reynolds
|
0-0: Ground out 4-3 (Groundball, 34)
|
Top of the 9th over - 1 run(s), 2 hit(s), 0 error(s), 2 left on base; Intercourse 6 - Wilmington 7 |
|